Map: Kairos Junction LE

Players

Neeb - Winner!

  • Race: Protoss Protoss
  • League: Master
  • Spawn Location: 11:00

MaSa

  • Race: Terran Terran
  • League: Master
  • Spawn Location: 5:00

Event: 2019 WCS Winter Americas

VOD

Have the link to the VOD?

Description

Time

  • Played on: March 23, 2019, 1:17 p.m.
  • Length: 8:49

All games in this series

Show
View Real Time Build Order
Export as new Build Order

Neeb Protoss - Winner!

Build Orders: 1 Gate Expand, Colossus Rush 

Get SALT Encoding   

  12  0:00  Probe  
  13  0:12  Probe  
  14  0:17  Pylon  
  14  0:24  Probe  
  15  0:33  Probe  
  15  0:39  Gateway  
  15  0:41  Probe  
  16  0:47  Assimilator  
  17  0:51  Probe  
  18  1:03  Probe  
  19  1:15  Probe  
  20  1:23  Nexus  
  20  1:34  Cybernetics Core  
  20  1:38  Probe  
  21  1:42  Assimilator  
  21  1:50  Probe  
  21  1:52  Pylon  
  22  2:01  Stalker  
  22  2:02  Probe  
  23  2:13  Warp Gate  
  23  2:14  Probe  
  26  2:26  Probe  
  27  2:31  Adept  
  27  2:34  Shield Battery  
  27  2:35  Probe  
  30  2:38  Probe  
  30  2:41  Robotics Facility  
  31  2:47  Probe  
  31  2:50  Pylon  
  31  2:59  Probe  
  35  3:07  Sentry  
  35  3:08  Gateway  
  35  3:11  Gateway  
  34  3:13  Probe  
  34  3:15  Probe  
  36  3:20  Pylon  
  36  3:22  Probe  
  36  3:24  Probe  
  37  3:27  Observer  
  37  3:30  Probe  
  37  3:32  Probe  
  39  3:39  Probe  
  41  3:42  Probe  
  43  3:49  Pylon  
  43  3:50  Observer  
  43  3:52  Probe  
  43  3:54  Probe  
  46  3:55  Assimilator  
  46  3:58  Assimilator  
  46  4:01  Stalker  
  48  4:04  Stalker, Probe  
  48  4:07  Stalker  
  48  4:08  Probe  
  54  4:16  Probe  
  55  4:19  Robotics Bay  
  55  4:20  Probe  
  56  4:27  Warp Prism  
  56  4:28  Probe  
  57  4:32  Probe  
  57  4:35  Sentry  
  62  4:44  Observer, Probe  
  63  4:46  Sentry  
  63  4:50  Nexus  
  65  4:54  Colossus  
  65  4:59  Gateway  
  65  5:03  Extended Thermal Lance  
  65  5:12  Pylon  
  70  5:15  Pylon  
  70  5:17  Pylon  
  70  5:19  Gateway  
  69  5:28  Gateway  
  69  5:38  Colossus, Sentry x2, Stalker  
  69  5:42  Pylon  
  75  5:46  Probe  
  82  6:00  Stalker  
  84  6:07  Pylon  
  84  6:15  Zealot x4  
  92  6:37  Stalker x6  
  102  6:44  Colossus  
  108  7:08  Zealot x4  
  100  7:26  Stalker x2, Probe  
  100  7:28  Forge  
  91  7:31  Forge  
  89  7:38  Colossus  
Show
View Real Time Build Order
Export as new Build Order

MaSa Terran 

Build Orders:  

Get SALT Encoding   

  12  0:00  SCV  
  13  0:12  SCV  
  14  0:17  Supply Depot  
  14  0:24  SCV  
  15  0:38  SCV  
  15  0:40  Barracks  
  16  0:50  SCV  
  17  1:03  SCV  
  18  1:04  Supply Depot  
  18  1:15  SCV  
  19  1:24  Command Center  
  19  1:27  Marine  
  20  1:35  Orbital Command  
  20  1:45  Marine  
  21  2:02  SCV  
  21  2:08  Command Center  
  22  2:10  Marine  
  22  2:14  SCV  
  24  2:22  Barracks  
  24  2:26  SCV  
  24  2:28  Marine  
  26  2:36  Orbital Command  
  26  2:39  SCV  
  27  2:45  Barracks  
  27  2:46  Marine  
  28  2:51  Refinery  
  28  2:57  SCV  
  28  2:58  Orbital Command, Refinery  
  29  3:05  Marine  
  29  3:07  Orbital Command  
  29  3:09  SCV  
  29  3:10  Marine  
  32  3:13  Bunker  
  32  3:21  SCV  
  32  3:22  Orbital Command  
  32  3:23  Marine  
  34  3:32  Marine, Barracks Tech Lab  
  34  3:33  SCV  
  36  3:34  SCV  
  37  3:41  Marine  
  37  3:45  SCV  
  37  3:47  SCV  
  40  3:50  Marine x2  
  40  3:51  Stimpack  
  40  3:54  SCV  
  43  3:57  SCV  
  43  3:59  SCV, Marine  
  43  4:02  Barracks  
  46  4:06  SCV  
  46  4:08  Marine  
  46  4:09  SCV  
  49  4:11  Barracks  
  49  4:14  Factory  
  49  4:17  Marauder  
  49  4:19  Barracks Reactor  
  49  4:21  SCV x2  
  53  4:26  Supply Depot  
  53  4:27  Refinery  
  53  4:28  Barracks Tech Lab  
  53  4:32  Supply Depot, Refinery  
  53  4:33  SCV  
  53  4:35  SCV  
  55  4:39  Engineering Bay  
  55  4:40  SCV  
  56  4:46  SCV  
  56  4:47  SCV  
  56  4:50  Barracks Reactor  
  56  4:51  Engineering Bay  
  58  4:53  SCV  
  58  4:55  Marauder  
  58  4:56  Marauder  
  58  4:58  SCV  
  64  5:03  Starport  
  64  5:06  Factory Reactor  
  64  5:07  SCV, Marine  
  64  5:08  SCV  
  64  5:09  Barracks Tech Lab  
  64  5:14  Supply Depot  
  67  5:16  Terran Infantry Weapons Level 1  
  67  5:17  Marine  
  67  5:20  Marauder  
  70  5:21  SCV  
  70  5:23  SCV  
  70  5:24  SCV  
  70  5:27  Marauder, Marine x2  
  77  5:34  Supply Depot  
  77  5:35  SCV, Terran Infantry Armor Level 1, Orbital Command  
  78  5:37  Supply Depot  
  78  5:38  Marine  
  78  5:40  Marine  
  78  5:42  SCV  
  81  5:47  SCV  
  81  5:49  Marauder  
  84  5:50  Combat Shield  
  84  5:51  Factory Reactor  
  84  5:56  Refinery  
  84  5:57  Supply Depot  
  84  6:00  Supply Depot  
  84  6:02  Marauder  
  84  6:03  Refinery  
  86  6:05  Medivac  
  86  6:09  Medivac  
  86  6:10  SCV x2  
  92  6:12  SCV  
  93  6:19  Starport  
  93  6:21  Marauder  
  93  6:22  SCV  
  93  6:23  SCV  
  93  6:24  SCV  
  93  6:25  Supply Depot  
  98  6:29  Marauder, Marine  
  98  6:32  Marauder, Marine x2  
  88  6:35  Marine  
  79  6:42  Marauder  
  79  6:44  Viking  
  79  6:47  Marine  
  78  6:48  Viking  
  78  6:49  Marine  
  78  6:50  Marine  
  78  6:53  Marauder, Marine  
  78  6:55  Marine  
  63  7:04  Marauder  
  63  7:05  Marine  
  55  7:09  Marine  
  49  7:16  SCV x2  
  49  7:18  Marine  
  51  7:25  Marauder  
  51  7:28  Marine  
  42  7:31  Marine  
Tags
 
Add a new tag
Caveats
  • Supply blocks, unpowered buildings, or Contaminate may cause inaccurate times.
  • Supply counts are checked every 10 seconds.